 Dungeon Crawl Stone Soup version 0.31-a0-1499-ge0622b2318 (webtiles) character file.

Game seed: 3038361685080986859

17357 Curundu the Cruncher (level 12, -4/108 HPs)
             Began as a Minotaur Berserker on Dec 29, 2023.
             Was a High Priest of Trog.
             Killed from afar by a gargoyle (14 damage)
             ... with a stone arrow
             ... on level 12 of the Dungeon.
             The game lasted 00:37:49 (10941 turns).

Curundu the Cruncher (Minotaur Berserker)          Turns: 10941, Time: 00:37:50

Health: -4/108     AC: 26    Str: 27    XL:     12   Next: 18%
Magic:  11/11      EV:  9    Int:  4    God:    Trog [*****.]
Gold:   712        SH:  0    Dex: 10    Spells: 11/11 levels left

rFire   . . .        D - +4 halberd of Haocop {heavy, *Corrode rElec rN+}
rCold   . . .        (shield currently unavailable)
rNeg    + . .        R - +5 plate armour
rPois   .            (helmet restricted)
rElec   +            q - +2 cloak {Stlth+}
rCorr   .            U - +0 pair of gloves
SInv    .            (no boots)
Will    .....        (no amulet) Stlth
                     g - +4 ring of slaying
HPRegen 0.38/turn    u - +4 ring of slaying
MPRegen 0.12/turn

%: corrode self (3%)
@: about to teleport
A: horns 2, retaliatory headbutt
a: Renounce Religion, Berserk, Trog's Hand, Brothers in Arms


You were on level 12 of the Dungeon.
You worshipped Trog.
Trog was extremely pleased with you.
You visited 1 branch of the dungeon, and saw 12 of its levels.

You collected 712 gold pieces.

Inventory:

Hand Weapons
 D - the +4 halberd of Haocop (weapon) {heavy, *Corrode rElec rN+}
   (Trog gifted it to you on level 12 of the Dungeon)

   rElec:     It insulates you from electricity.
   rN+:       It protects you from negative energy.
   *Corrode:  It may corrode you when you take damage.
Missiles
 v - 6 darts of dispersal
 O - 38 poisoned darts
 P - a curare-tipped dart
 Q - 4 boomerangs
Armour
 h - a scarf of invisibility
 q - a +2 cloak of stealth (worn)
 R - a +5 plate armour (worn)
 U - a +0 pair of gloves (worn)
Jewellery
 g - a +4 ring of slaying (left hand)
 u - a +4 ring of slaying (right hand)
 E - a ring of see invisible
Wands
 a - a wand of mindburst (6) (quivered)
 m - a wand of flame (25)
 n - a wand of polymorph (7)
 B - a wand of acid (6)
 F - a wand of iceblast (12)
Scrolls
 d - 6 scrolls of immolation
 e - a scroll of teleportation
 f - 2 scrolls of noise
 i - 3 scrolls of blinking {unknown}
 l - a scroll of silence {unknown}
 t - a scroll of amnesia {unknown}
 w - a scroll of fear {unknown}
 y - a scroll of acquirement {unknown}
 z - 4 scrolls of fog
 C - a scroll of vulnerability {unknown}
 I - a scroll of enchant weapon {unknown}
 M - 2 scrolls of revelation {unknown}
 S - 3 scrolls of torment {unknown}
 X - a scroll of poison {unknown}
Potions
 b - a potion of magic {unknown}
 c - 6 potions of enlightenment
 j - 4 potions of curing {unknown}
 k - 2 potions of mutation {unknown}
 o - a potion of invisibility {unknown}
 r - a potion of might {unknown}
 s - a potion of attraction {unknown}
 x - a potion of brilliance {unknown}
 A - 5 potions of heal wounds {unknown}
 J - 2 potions of berserk rage {unknown}
 T - a potion of resistance {unknown}
 V - 2 potions of cancellation {unknown}
 W - a potion of haste {unknown}


   Skills:
 + Level 10.9 Fighting
 + Level 7.0(11.6) Polearms
 + Level 14.3(14.9) Staves
 + Level 4.0 Throwing
 + Level 13.1 Armour
 + Level 4.2 Dodging
 + Level 3.3 Stealth


You had 11 spell levels left.
You didn't know any spells.
Your spell library was empty.

Dungeon Overview and Level Annotations

Branches:
Dungeon (12/15)            Temple (0/1) D:7            Lair (0/5) D:8
    Orc (0/2) D:9

Altars:
Cheibriados
Dithmenos
Elyvilon
Gozag
Hepliaklqana
Kikubaaqudgha
Makhleb
Nemelex Xobeh
Qazlal
Wu Jian
Xom
The Shining One

Shops:
D:5 :

Annotations:
D:2 Natasha


Innate Abilities, Weirdness & Mutations

You have a pair of horns on your head.
You reflexively headbutt those who attack you in melee.


Message History

The slime creature quivers.
You spit the slime creature like a pig!!!
You kill the slime creature!
Trog accepts your kill.
A gargoyle comes into view. It is wielding a +0 flail.
The deep elf pyromancer hits you but does no damage.
You puncture the deep elf pyromancer!
The deep elf pyromancer is moderately wounded.
The deep elf pyromancer casts a spell at you.
The pyre arrow misses you.
The deep elf pyromancer mumbles some strange words.
The deep elf pyromancer blinks!
The gargoyle hurls a stone arrow at you.
The stone arrow hits you!
* * * LOW HITPOINT WARNING * * *
The slime creature quivers.
The slime creature barely misses you. You furiously retaliate!
You headbutt the slime creature. The gargoyle hits you with a +0 flail.
* * * LOW HITPOINT WARNING * * *
You barely miss the gargoyle.
The slime creature hits you but does no damage.
The gargoyle hits you but does no damage.
You hit the gargoyle.
The gargoyle is lightly damaged.
The slime creature hits you but does no damage.
The gargoyle hurls a stone arrow at you.
The stone arrow hits you.
* * * LOW HITPOINT WARNING * * *
The deep elf pyromancer casts a spell.
The deep elf pyromancer blinks!
The slime creature hits you.
* * * LOW HITPOINT WARNING * * *
As you read the scroll of teleportation, it crumbles to dust.
You feel strangely unstable.
The gargoyle hurls a stone arrow at you.
The stone arrow hits you.
* * * LOW HITPOINT WARNING * * *
Two slime creatures merge to form a large slime creature.
The gargoyle hurls a stone arrow at you.
The stone arrow hits you!
You die...

........# ............# .
.........##.............
.......
#................. ...
#..####...####........
...#......(#.##.........#
..........e............#
.###.......###.........#
#.........#...........
#$.#.@.#..#..#......##
####.9.##### #......#.
#..#J..#..# #...##...
#.........# ..........
##)......###.......##.
.....###......###...#:.
........ ...... ......#
#$.#J.#.[ .#..#. ..#....
## #..#### ##..# #...[


You could see a large slime creature, a slime creature, a deep elf pyromancer
and a gargoyle.

Vanquished Creatures
  5 two-headed ogres
  3 death yaks (D:8)
  A manticore (D:11)
  An ugly thing (D:12)
  2 cyclopes (D:12)
  Maurice (D:7)
  2 gargoyles
  A yaktaur (D:12)
  Psyche (D:11)
  A tengu conjurer (D:12)
  A troll (D:12)
  2 hornets
  Sigmund (D:2)
  4 slime creatures (D:12)
  A shadow (D:10)
  4 wraiths (D:12)
  2 wyverns
  6 yaks
  A basilisk (D:12)
  4 vampire mosquitoes (D:12)
  2 steam dragons
  Grum (D:9)
  Menkaure (D:4)
  2 water moccasins
  A sky beast (D:8)
  7 orc warriors
  A black bear (D:5)
  A wolf (D:9)
  8 centaurs
  A phantom (D:7)
  4 kobold brigands
  4 bullfrogs
  3 scorpions
  A gnoll sergeant (D:9)
  4 wights (D:6)
  15 killer bees
  4 howler monkeys
  A bombardier beetle (D:5)
  8 hounds
  5 orc priests
  3 jellies
  Crazy Yiuf (D:2)
  A gnoll bouda (D:9)
  2 sleepcaps
  An iron imp (D:4)
  Jessica (D:2)
  2 iguanas
  12 orc wizards
  Natasha (twice) (D:2)
  Robin (D:2)
  8 gnolls
  12 adders
  A river rat (D:8)
  A ribbon worm (D:5)
  3 white imps
  2 dart slugs (D:1)
  45 orcs
  5 ball pythons
  10 endoplasms
  2 giant cockroaches (D:1)
  8 hobgoblins
  8 jackals
  22 kobolds
  4 quokkas
  2 bats (D:1)
  4 frilled lizards (D:1)
  14 goblins
  17 rats
312 creatures vanquished.

Vanquished Creatures (collateral kills)
  A centaur (D:11)
1 creature vanquished.

Grand Total: 313 creatures vanquished

Notes
Turn   | Place    | Note
-------+----------+-------------------------------------------
     0 | D:1      | Curundu the Minotaur Berserker began the quest for the Orb.
     0 | D:1      | Reached XP level 1. HP: 19/19 MP: 0/0
   143 | D:1      | Reached XP level 2. HP: 15/27 MP: 1/1
   441 | D:1      | Reached XP level 3. HP: 33/34 MP: 2/2
   876 | D:2      | Reached ** piety under Trog
   932 | D:2      | Noticed Sigmund
   942 | D:2      | Killed Sigmund
   943 | D:2      | Reached skill level 5 in Fighting
   943 | D:2      | Reached skill level 5 in Polearms
   943 | D:2      | Reached XP level 4. HP: 36/42 MP: 3/3
   943 | D:2      | Reached XP level 5. HP: 41/48 MP: 4/4
  1084 | D:2      | Reached XP level 6. HP: 57/57 MP: 5/5
  1104 | D:2      | Noticed Jessica
  1109 | D:2      | Killed Jessica
  1205 | D:2      | Noticed Robin
  1209 | D:2      | Killed Robin
  1328 | D:2      | Noticed Natasha
  1332 | D:2      | Killed Natasha
  1432 | D:2      | Noticed Natasha
  1434 | D:2      | Killed Natasha
  1514 | D:2      | Found a stormy altar of Qazlal.
  1550 | D:2      | Noticed Natasha
  1669 | D:2      | Found a runed translucent door.
  1670 | D:2      | Noticed Crazy Yiuf
  1675 | D:2      | Killed Crazy Yiuf
  1879 | D:3      | Found a shadowy altar of Dithmenos.
  2079 | D:3      | Found an opulent altar of Gozag.
  2081 | D:3      | Found a white marble altar of Elyvilon.
  2201 | D:3      | Found a hazy altar of Hepliaklqana.
  2384 | D:4      | Reached skill level 5 in Armour
  2384 | D:4      | Reached XP level 7. HP: 62/62 MP: 6/6
  2513 | D:4      | Reached skill level 1 in Staves
  2563 | D:4      | Noticed Menkaure
  2568 | D:4      | Killed Menkaure
  2569 | D:4      | Reached skill level 2 in Staves
  3118 | D:4      | Found a glowing golden altar of the Shining One.
  3223 | D:4      | Found a sparkling altar of Nemelex Xobeh.
  3226 | D:4      | Reached skill level 3 in Staves
  3316 | D:4      | Found a snail-covered altar of Cheibriados.
  3389 | D:4      | Found an ancient bone altar of Kikubaaqudgha.
  3427 | D:5      | Entered Level 5 of the Dungeon
  3488 | D:5      | Reached *** piety under Trog
  3532 | D:5      | Found Ruysk's Book Shoppe.
  3540 | D:5      | Reached skill level 4 in Staves
  3573 | D:5      | Reached XP level 8. HP: 71/71 MP: 7/7
  3794 | D:5      | Reached skill level 5 in Staves
  3926 | D:6      | Found an ornate altar of the Wu Jian Council.
  4022 | D:6      | Reached skill level 1 in Stealth
  4094 | D:6      | Reached skill level 6 in Staves
  4274 | D:6      | Reached **** piety under Trog
  4280 | D:6      | Reached skill level 7 in Staves
  4864 | D:7      | Reached XP level 9. HP: 69/79 MP: 8/8
  5087 | D:7      | Reached skill level 8 in Staves
  5132 | D:7      | Noticed Maurice
  5137 | D:7      | Something stole a +6 ring of intelligence
  5140 | D:7      | Killed Maurice
  5141 | D:7      | Reached skill level 9 in Staves
  5307 | D:7      | Found a staircase to the Ecumenical Temple.
  5698 | D:8      | Reached skill level 10 in Staves
  5963 | D:8      | Found a shimmering altar of Xom.
  6071 | D:8      | Noticed a death yak
  6073 | D:8      | Noticed a death yak
  6074 | D:8      | Found a staircase to the Lair.
  6074 | D:8      | Noticed a death yak
  6095 | D:8      | Killed a death yak
  6096 | D:8      | Reached XP level 10. HP: 67/90 MP: 9/9
  6104 | D:8      | Killed a death yak
  6105 | D:8      | Reached skill level 11 in Staves
  6109 | D:8      | Killed a death yak
  6120 | D:8      | Reached ***** piety under Trog
  6296 | D:8      | Reached skill level 10 in Armour
  6303 | D:8      | Reached skill level 12 in Staves
  6896 | D:9      | Noticed a two-headed ogre
  6902 | D:9      | Killed a two-headed ogre
  6903 | D:9      | Reached skill level 1 in Throwing
  6951 | D:9      | Found a burning altar of Makhleb.
  6951 | D:9      | Noticed a cacodemon
  7023 | D:9      | Found a staircase to the Orcish Mines.
  7533 | D:9      | Reached XP level 11. HP: 97/97 MP: 10/10
  7596 | D:9      | Noticed Grum
  7603 | D:9      | Killed Grum
  8002 | D:10     | Entered Level 10 of the Dungeon
  8077 | D:10     | Reached skill level 13 in Staves
  8526 | D:10     | Noticed a two-headed ogre
  8529 | D:10     | Killed a two-headed ogre
  8530 | D:10     | Reached skill level 10 in Fighting
  8810 | D:11     | Noticed Psyche
  8818 | D:11     | Killed Psyche
  9984 | D:11     | Noticed a two-headed ogre
  9990 | D:11     | Killed a two-headed ogre
 10113 | D:12     | Noticed a two-headed ogre
 10113 | D:12     | Noticed a two-headed ogre
 10119 | D:12     | Killed a two-headed ogre
 10125 | D:12     | Killed a two-headed ogre
 10126 | D:12     | Reached skill level 14 in Staves
 10552 | D:12     | Identified the +4 halberd of Haocop {heavy, *Corrode rElec
                  | rN+} (Trog gifted it to you on level 12 of the Dungeon)
 10552 | D:12     | Received a gift from Trog
 10681 | D:12     | Noticed a white ugly thing
 10684 | D:12     | Killed a white ugly thing
 10694 | D:12     | Reached XP level 12. HP: 108/108 MP: 11/11
 10735 | D:12     | Noticed a boulder beetle
 10941 | D:12     | Killed from afar by a gargoyle

Illustrated notes

Levels and vault maps discovered:
D:1:      dpeg_cavernosity, layout_rooms, minmay_fountain_box
D:2:      layout_loops_ring, basic_altar, minmay_rat_gold_closets, uniq_jessica,
          uniq_sigmund, uniq_robin, uniq_crazy_yiuf_cottage, uniq_natasha
D:3:      layout_rooms, chequers_temple_overflow_statue_of_worship,
          nicolae_hepliaklqana_hippocampus,
          mainiacjoe_overflow_concentric_impassable
D:4:      layout_loops_corners, mainiacjoe_overflow_big_doors, slow_altar_2,
          mainiacjoe_overflow_alcove_2, uniq_menkaure
D:5:      layout_rooms, serial_shops, shop
D:6:      minmay_flawed_box, layout_loops_ring, mainiacjoe_overflow_catwalk
D:7:      layout_loops_ring, minmay_temple_entry_glass,
          kennysheep_generic_room_12, uniq_maurice
D:8:      layout_loops_ring, xom_teletrap_fun, dpeg_lair_monsters
D:9:      layout_big_octagon, makhleb_altar_promises_db, hiddenorc2_lemuel,
          serial_gnoll_camp, gnoll_camp_mini_basic, gnoll_camp_mini_loothouse,
          grums_kennel, gnoll_camp_mini_hut
D:10:     layout_roguey, minmay_misc_feat_cross, nicolae_lava_and_water
D:11:     layout_layer_cave, uniq_psyche
D:12:     hangedman_cross_cluster, layout_cave_pools

Skill      XL: |  1  2  3  4  5  6  7  8  9 10 11 12 |
---------------+-------------------------------------+-----
Fighting       | 4 5 6 7 8 9 10 | 10.9
Polearms       | 4 5 6 7 |  7.0
Armour         | 3 5 7 9 11 12 13 | 13.1
Dodging        | 3 4 |  4.2
Staves         | 4 7 10 12 14 | 14.3
Stealth        | 1 2 3 |  3.3
Throwing       | 1 3 4 |  4.0

Action                     |  1- 3 |  4- 6 |  7- 9 | 10-12 || total
---------------------------+-------+-------+-------+-------++-------
  Melee: Spear             |    73 |    40 |       |       ||   113
         Headbutt          |     8 |    14 |    31 |    49 ||   102
         Punch             |     1 |       |       |       ||     1
         Quarterstaff      |       |    25 |   160 |   223 ||   408
         Halberd           |       |       |       |    27 ||    27
  Throw: Dart              |       |       |       |    28 ||    28
         Boomerang         |       |       |       |     5 ||     5
 Invoke: Trog's Hand       |     1 |       |       |       ||     1
    Use: Scroll            |       |       |     5 |     9 ||    14
   Stab: Sleeping          |     1 |       |       |       ||     1
         Petrifying        |       |       |     1 |     1 ||     2
         Paralysed         |       |       |       |     3 ||     3
 Armour: Animal skin       |    14 |       |       |       ||    14
         Ring mail         |    30 |       |       |       ||    30
         Chain mail        |       |    37 |   111 |       ||   148
         Plate armour      |       |       |    17 |   299 ||   316
  Dodge: Dodged            |    36 |    21 |    62 |   139 ||   258

Table legend: (Time is in decaauts)
 A = Elapsed time spent in this place.
 B = Non-inter-level travel time spent in this place.
 C = Inter-level travel time spent in this place.
 D = Time resting spent in this place.
 E = Time spent auto-exploring this place.
 F = Levels seen in this place.
 G = Mean time per level.
                   A        B        C        D        E       F      G
               +--------+--------+--------+--------+--------+-----+--------+
         Total |  10826 |  10826 |      0 |    447 |   7951 |  12 |  902.2 |
       Dungeon |  10826 |  10826 |      0 |    447 |   7951 |  12 |  902.2 |
               +--------+--------+--------+--------+--------+-----+--------+

Top non-repeatable levels by time:
    D:11: 1376 daAuts
     D:9: 1287 daAuts
     D:4: 1169 daAuts
     D:8: 1168 daAuts
     D:2: 914 daAuts
     D:6: 867 daAuts
     D:1: 842 daAuts
    D:12: 829 daAuts
     D:7: 697 daAuts
    D:10: 694 daAuts
     D:5: 490 daAuts
     D:3: 486 daAuts
